 Dungeon Crawl Stone Soup version 0.17-a0-1056-g838d5c0 (webtiles) character file.

112 Hanyuu the Insei (level 4, 0/28 HPs)
             Began as an Octopode Transmuter on May 17, 2015.
             Slain by an orc
             ... wielding a +0 hand axe
              (1 damage)
             ... on level 3 of the Dungeon.
             The game lasted 00:06:32 (2333 turns).

Hanyuu the Insei (Octopode Transmuter)              Turns: 2333, Time: 00:06:32

Health: 0/28       AC:  2    Str:  9    XL:     4   Next: 93%
Magic:  4/7        EV: 19    Int: 16    God:
Gold:   92         SH:  0    Dex: 17    Spells: 3 memorised, 1 level left

rFire  . . .     SeeInvis .       - Unarmed
rCold  . . .     Clarity  .     (shield currently unavailable)
rNeg   . . .     SustAb   .     (helmet currently unavailable)
rPois  x         Gourm    .     (no amulet)
rElec  .         Spirit   .     t - ring of protection from magic
rCorr  .         Warding  .     (no ring)
rMut   .         Stasis   .     (no ring)
MR     +....                    (no ring)
Stlth  ++........               (no ring)
                                (no ring)
                                (no ring)
                                (no ring)

@: lethally poisoned (0 -> -18), spider-form, somewhat resistant to hostile
enchantments, unstealthy
A: almost no armour, amphibious, 8 rings, (constrict 8), (camouflage 0),
(gelatinous body 0)
a: End Transformation


You were on level 3 of the Dungeon.
You were not hungry.
You were a venomous arachnid creature.
You visited 1 branch of the dungeon, and saw 3 of its levels.

You collected 92 gold pieces.

Inventory:

Missiles
 a - 114 arrows
Jewellery
 t - a ring of protection from magic (left front leg)
Magical devices
 e - a wand of teleportation (7)
Scrolls
 d - a scroll of fear {unknown}
 f - a scroll of enchant armour {unknown}
 i - 2 scrolls of teleportation {unknown}
 l - a scroll of remove curse {unknown}
 p - a scroll of recharging {unknown}
 q - a scroll of enchant weapon {unknown}
Potions
 h - a potion of agility
 m - a potion of flight {unknown}
 n - a potion of heal wounds {unknown}
 o - a potion of haste
 r - a potion of resistance
 s - a potion of might
Books
 b - a book of Changes

   Spells                             Type                      Level
   a - Beastly Appendage              Transmutation                1
   b - Sticks to Snakes               Transmutation                2
   c - Spider Form                    Transmutation/Poison         3
   d - Ice Form                       Ice/Transmutation            4
   e - Blade Hands                    Transmutation                5
Comestibles
 c - 3 bread rations
 j - a royal jelly
 k - 6 chunks of flesh


   Skills:
 - Level 1.0 Fighting
 - Level 2.0 Dodging
 * Level 5.0 Unarmed Combat
 - Level 2.0 Spellcasting
 + Level 2.8 Transmutations


You had one spell level left.
You knew the following spells:

 Your Spells              Type           Power        Failure   Level  Hunger
a - Beastly Appendage     Trmt           ##....       24%         1    #......
b - Sticks to Snakes      Trmt           ##........   28%         2    ###....
c - Spider Form           Trmt/Pois      #.........   61%         3    ###....


Dungeon Overview and Level Annotations

Branches:
Dungeon (3/15)

Altars:
Ashenzari
Nemelex Xobeh
Okawaru
Yredelemnul


Innate Abilities, Weirdness & Mutations

You cannot wear most types of armour.
You are amphibious.
You can wear up to eight rings at the same time.
((You can use your tentacles to constrict eight enemies at once.))
((Your skin changes colour to match your surroundings (Stealth).))
((Your rubbery body absorbs attacks (AC +1).))


Message History

You turn into a venomous arachnid creature.
The orc closely misses you.
You hit the orc but do no damage.
The orc is poisoned.
The orc is lightly wounded.
The orc hits you but does no damage.
The orc wizard hits you but does no damage.
You hit the orc.
The orc looks even sicker.
The orc is moderately wounded.
The orc wizard gestures at you while chanting.
The puff of frost misses you.
You barely miss the orc wizard. The orc completely misses you.
The orc wizard points at you and mumbles some strange words.
The puff of frost hits you!
* * * LOW HITPOINT WARNING * * *
You hit the orc wizard but do no damage.
The orc wizard hits you with a dagger of venom.
* * * LOW HITPOINT WARNING * * *
You are lethally poisoned!
The orc hits you with a hand axe.
You die...

#.............
#....#.....##
#....#.....#
#....#.....#
......#.....#
####...#.....#
..>.#.....##..
.....#.........
#oso......
#....)o##.#.#..
#.#.##.# .#.# .
# #.# .# # #.#
.# #.# #.# ...


You could see an orc wizard and 2 orcs.

Vanquished Creatures
  A worker ant (D:3)
  2 adders (D:2)
  A worm (D:3)
  3 giant geckos
  5 orcs (D:3)
  4 bats
  5 giant cockroaches
  5 hobgoblins
  11 jackals
  4 kobolds
  A giant gecko skeleton (D:3)
  2 giant newts
  4 goblins
  2 quokkas
  7 rats
  A plant (D:1)
58 creatures vanquished.

Notes
Turn   | Place    | Note
--------------------------------------------------------------
     0 | D:1      | Hanyuu the Octopode Transmuter began the quest for the Orb.
     0 | D:1      | Reached XP level 1. HP: 13/13 MP: 3/3
   222 | D:1      | Reached XP level 2. HP: 18/18 MP: 3/5
   674 | D:1      | Reached skill level 4 in Unarmed Combat
   853 | D:2      | Reached XP level 3. HP: 12/23 MP: 6/6
   861 | D:2      | Learned a level 2 spell: Sticks to Snakes
   865 | D:2      | Learned a level 3 spell: Spider Form
  1134 | D:2      | Found a shattered altar of Ashenzari.
  1327 | D:2      | Found a sparkling altar of Nemelex Xobeh.
  1529 | D:2      | Reached XP level 4. HP: 21/28 MP: 7/7
  1605 | D:2      | Found a basalt altar of Yredelemnul.
  1605 | D:2      | Found an iron altar of Okawaru.
  2138 | D:3      | Reached skill level 5 in Unarmed Combat
  2333 | D:3      | HP: 1/28 [orc wizard/dagger of venom (4)]
  2333 | D:3      | Slain by an orc

Vault maps used:
D:1:      dpeg_arrival_round_a, serial_bayou_lagoon_a
D:2:      gammafunk_temple_overflow_pools, evilmike_ruin_ashenzari,
          eino_tiny_chamber, nemelex_spade_bored_becter

Action                   |  1- 3 |  4- 6 || total
-------------------------+-------+-------++-------
Melee: Unarmed           |    93 |    60 ||   153
 Cast: Beastly Appendage |     5 |     1 ||     6
       Spider Form       |       |     2 ||     2
  Use: Scroll            |       |     4 ||     4
       Potion            |       |     1 ||     1
 Stab: Sleeping          |     6 |     4 ||    10
  Eat: Chunk             |     2 |     3 ||     5
